 Dungeon Crawl Stone Soup version 0.19-a0-1068-g99dd0f4 (webtiles) character file.

168848 GordonOverkill the Executioner (level 17, -2/170 HPs)
             Began as a Minotaur Berserker on Aug 4, 2016.
             Was the Champion of Trog.
             Shot with an arrow by Vashnia (7 damage)
             ... on level 3 of the Snake Pit on Aug 5, 2016.
             The game lasted 01:43:01 (30163 turns).

GordonOverkill the Executioner (MiBe)              Turns: 30163, Time: 01:43:02

Health: -2/170     AC: 13    Str: 31    XL:     17   Next: 9%
Magic:  20/20      EV: 16    Int:  9    God:    Trog [******]
Gold:   475        SH:  5    Dex: 12    Spells: 0 memorised, 16 levels left

rFire  + . .     SeeInvis .     a - +5 broad axe (freeze)
rCold  . . .     Gourm    .     m - +1 scale mail of Wyucvo {rElec Regen+ Int+4 Dex-2}
rNeg   . . .     Faith    .     B - +0 buckler
rPois  +         Spirit   .     (helmet restricted)
rElec  +         Dismiss  .     t - +0 cloak "Kad Qoom" {rPois Regen+ Str+4}
rCorr  .         Reflect  .     K - +1 pair of gloves
SustAt .         Harm     .     (no boots)
MR     +++..                    u - amulet of regeneration
Stlth  ..........               Z - ring of protection from fire
                                h - +3 ring of strength

@: regenerating, studying Fighting
A: retaliatory headbutt, horns 2
a: Berserk, Trog's Hand, Brothers in Arms, Burn Spellbooks, Renounce Religion
}: 1/15 runes: decaying


You were on level 3 of the Snake Pit.
You worshipped Trog.
Trog was exalted by your worship.
You were hungry.

You visited 6 branches of the dungeon, and saw 31 of its levels.
You visited 1 bazaar.

You collected 2904 gold pieces.
You spent 2429 gold pieces at shops.

Inventory:

Hand Weapons
 a - a +5 broad axe of freezing (weapon)
 b - a +1 war axe of flaming
Missiles
 i - 3 throwing nets (quivered)
Armour
 m - the +1 scale mail of Wyucvo (worn) {rElec Regen+ Int+4 Dex-2}
   (You found it on level 13 of the Dungeon)

   It affects your intelligence (+4).
   It affects your dexterity (-2).
   It insulates you from electricity.
   It increases your rate of regeneration.
 t - the +0 cloak "Kad Qoom" (worn) {rPois Regen+ Str+4}
   (You found it on level 4 of the Dungeon)

   It affects your strength (+4).
   It protects you from poison.
   It increases your rate of regeneration.
 y - the +0 plate armour of Parts Unknown {+Inv rC+}
   (You bought it in a shop on level 2 of the Orcish Mines)

   It protects you from cold.
   It lets you turn invisible.
 B - a +0 buckler (worn)
 K - a +1 pair of gloves (worn)
Jewellery
 h - a +3 ring of strength (left hand)
 u - an amulet of regeneration (around neck)
 v - an uncursed amulet of rage {unknown}
 G - an uncursed ring of protection from cold
 X - an uncursed ring of protection from magic
 Z - a ring of protection from fire (right hand)
Wands
 l - a wand of disintegration (15/24)
 p - a wand of digging (9/24)
 A - a wand of heal wounds (3/9)
 I - a wand of disintegration (11/24)
 M - a wand of lightning (10/15)
 P - a wand of iceblast (8/15)
 T - a wand of disintegration (10/24)
Scrolls
 j - 3 scrolls of fear
 k - 7 scrolls of remove curse
 n - 2 scrolls of fog
 o - 5 scrolls of magic mapping
 r - 2 scrolls of immolation
 s - 13 scrolls of teleportation
 w - 2 scrolls of recharging
 O - 4 scrolls of enchant armour
 R - a scroll of holy word
Potions
 d - 10 potions of curing
 f - 2 potions of cancellation
 q - a potion of beneficial mutation {unknown}
 z - a potion of berserk rage
 C - 4 potions of agility
 D - 2 potions of ambrosia {unknown}
 E - 5 potions of haste
 F - a potion of lignification
 J - 4 potions of resistance
 N - 5 potions of might
Books
 e - a manual of Fighting
 x - a book of Transfigurations

   Spells                             Type                      Level
   a - Irradiate                      Conjuration/Transmutation    5
   b - Statue Form                    Transmutation/Earth          6
   c - Hydra Form                     Transmutation                6
   d - Dragon Form                    Transmutation                7
   Trog disapproves of the use of such an item.
Comestibles
 c - 7 bread rations
 g - 14 meat rations
 Q - 6 slices of pizza


   Skills:
 + Level 19.8 Fighting
 + Level 24.3 Axes
 - Level 10.0 Armour
 - Level 11.0 Dodging
 - Level 5.0 Shields
 - Level 6.0 Evocations


You had 16 spell levels left.
You didn't know any spells.

Dungeon Overview and Level Annotations

Branches:
Dungeon (15/15)            Temple (1/1) D:6            Lair (6/6) D:11
  Swamp (4/4) Lair:2        Snake (3/4) Lair:3        Slime (0/5) Lair:6
    Orc (2/2) D:9             Elf (0/3) Orc:2        Vaults (0/5) D:14
 Depths (0/5) D:15

Altars:
Ashenzari
Cheibriados
Dithmenos
Elyvilon
Fedhas
Gozag
Hepliaklqana
Kikubaaqudgha
Makhleb
Nemelex Xobeh
Okawaru
Pakellas
Qazlal
Ru
Sif Muna
Trog
Uskayaw
Vehumet
Xom
Yredelemnul
Zin
The Shining One
Beogh

Shops:
D:5 !?*   D:11 (   D:13 *   Orc:2 [(==*

Annotations:
Snake:3 Vashnia


Innate Abilities, Weirdness & Mutations

You reflexively headbutt those who attack you in melee.
You have a pair of horns on your head.


Message History

The arrow hits you.
* * * LOW HITPOINT WARNING * * *
Vashnia shoots an arrow.
The arrow hits you!!
* * * LOW HITPOINT WARNING * * *
The arrow burns you.
* * * LOW HITPOINT WARNING * * *
As you read the scroll of fear, it crumbles to dust.
You assume a fearsome visage.
Vashnia resists with almost no effort.
The naga sharpshooter looks frightened! x2
You feel better.
Vashnia shoots an arrow.
The arrow hits you!
* * * LOW HITPOINT WARNING * * *
Evoke which item? (* to show all) (? for menu, Esc to quit)
Zapping:
A - a wand of heal wounds (4/9)
Press: ? - help, Shift-Dir - straight line, f - you You feel much better.
This wand has 3 charges left.
Vashnia casts a spell.
Vashnia magically shoots an arrow.
The arrow hits you!!
* * * LOW HITPOINT WARNING * * *
The arrow burns you!
You die...

#...##..%...#
#...###......##
#..##
#.......## ...
#....#..(##
...#
#...###..(##
... #....#
##...##### ...
#...##
##(...$.# #....
##(.##### ....#
#)@.# ....
#...N.#
.........#
....###..# ..##
#..# . #N..
##.. .N#


You could see Vashnia and 2 naga sharpshooters.

Vanquished Creatures
  A bone dragon (Swamp:4)
  4 thorn hunters
  An orc warlord (Orc:2)
  The ghost of bezhaha the Sharpshooter, a journeyman CeAM of Okawaru (Lair:3)
  The ghost of Fv001 the Cleaver, a journeyman FoFi of Qazlal (D:10)
  Josephine (Orc:2)
  A yaktaur captain (D:15)
  13 hydras
  3 anacondas
  A catoblepas (Lair:4)
  5 centaur warriors
  4 ghost crabs
  6 alligators
  The ghost of bjefkjwebfkjbewklj the Severer, a novice MiFi of Okawaru (D:8)
  An ogre mage (D:14)
  An orc high priest (Orc:2)
  7 naga sharpshooters
  A spriggan berserker (Swamp:2)
  2 shock serpents
  A deep elf knight (Swamp:2)
  5 spectral hydras (Swamp:4)
  4 skeletal warriors (D:15)
  A naga ritualist (Snake:1)
  3 orc knights
  3 wizards (D:14)
  2 shambling mangroves
  3 unseen horrors
  Pikel (D:6)
  2 spriggan druids (Swamp:2)
  3 swamp dragons
  4 hill giants
  An orc sorcerer (Orc:2)
  A phantasmal warrior (Swamp:4)
  A griffon (Lair:2)
  4 deep elf magi
  2 mana vipers (Snake:1)
  A cyclops (D:11)
  A hornet (Swamp:2)
  3 manticores
  2 oklob plants (Lair:6)
  3 salamanders (Snake:1)
  9 naga magi
  19 ugly things
  13 black mambas
  5 elephants
  The ghost of bjefkjwebfkjbewklj the Chopper, a novice MiFi (D:5)
  5 gargoyles
  26 spiny frogs
  2 rime drakes (Lair:2)
  4 swamp worm zombies (Swamp:4)
  9 komodo dragons
  A polar bear (Lair:3)
  5 yaktaurs
  A tengu conjurer (Swamp:1)
  A queen bee (Lair:2)
  9 trolls
  2 hydra zombies (Swamp:4)
  3 two-headed ogres
  A polar bear (shapeshifter) (D:14)
  11 giant leeches
  2 spectral swamp dragons (Swamp:4)
  2 alligator zombies (Swamp:4)
  8 blink frogs
  18 slime creatures
  7 bog bodies
  Sigmund (D:5)
  A vampire (D:12)
  9 spriggans
  A water elemental (D:12)
  5 shadows
  An air elemental (D:12)
  3 wyverns
  19 yaks
  7 wraiths
  4 basilisks
  9 hippogriffs
  A fire elemental (D:12)
  Grum (Lair:1)
  35 vampire mosquitoes
  A steam dragon (Lair:2)
  2 soldier ants (D:8)
  5 wargs
  23 nagas
  19 swamp worms
  A mottled dragon (D:14)
  16 insubstantial wisps
  6 porcupines
  13 water moccasins
  5 swamp drakes
  4 slaves (D:6)
  2 black bears
  16 wasps
  3 ice beasts
  42 orc warriors
  3 eyes of draining
  8 phantoms
  10 ogres
  5 swamp dragon zombies (Swamp:4)
  28 wolves
  15 centaurs
  2 boggarts (D:15)
  9 crocodiles
  A big kobold (D:7)
  2 gnoll sergeants
  24 giant frogs
  An earth elemental (D:12)
  2 scorpions (D:9)
  2 wyvern skeletons (D:14)
  35 killer bees
  4 vampire bats (Lair:1)
  18 wights
  6 electric eels
  5 crimson imps
  2 quasits
  2 giant frog zombies
  8 hounds
  6 jellies
  7 centaur zombies
  29 orc wizards
  11 orc priests
  4 centaur skeletons
  3 giant frog skeletons
  12 iguanas
  5 worker ants
  A spectral swamp drake (Swamp:4)
  8 hell rats (Lair:3)
  10 sheep
  A hound skeleton (D:9)
  Robin (D:3)
  15 adders
  10 gnolls
  A howler monkey skeleton (D:10)
  42 river rats
  3 shadow imps
  2 oozes
  An adder zombie (D:9)
  An adder skeleton (D:7)
  A worm (D:3)
  A dart slug (D:2)
  6 giant geckos
  101 orcs
  25 bats
  4 giant cockroaches
  22 goblins
  12 hobgoblins
  6 jackals
  6 quokkas
  A ball python (D:2)
  5 giant newts
  11 kobolds
  A quokka skeleton (D:9)
  34 rats
  A briar patch (Swamp:2)
  2 fungi (Lair:6)
  8 plants
1137 creatures vanquished.

Vanquished Creatures (others)
  A hydra (Swamp:2)
  A tengu warrior (Swamp:1)
  An insubstantial wisp (Swamp:4)
  4 briar patches (Swamp:2)
  8 fungi
  37 plants
52 creatures vanquished.

Grand Total: 1189 creatures vanquished

Notes
Turn   | Place    | Note
-------+----------+-------------------------------------------
     0 | D:1      | GordonOverkill the Minotaur Berserker began the quest for the Orb.
     0 | D:1      | Reached XP level 1. HP: 19/19 MP: 0/0
    50 | D:1      | Reached skill level 4 in Axes
    52 | D:1      | Reached XP level 2. HP: 24/26 MP: 1/1
   440 | D:1      | Reached skill level 5 in Axes
   661 | D:2      | Found an ancient bone altar of Kikubaaqudgha.
   675 | D:2      | Reached ** piety under Trog
   675 | D:2      | Reached XP level 3. HP: 31/31 MP: 2/2
  1003 | D:2      | Reached XP level 4. HP: 28/39 MP: 3/3
  1121 | D:2      | Found an iron altar of Okawaru.
  1192 | D:2      | Reached skill level 6 in Axes
  1881 | D:3      | Reached XP level 5. HP: 45/45 MP: 4/4
  1901 | D:3      | Reached skill level 7 in Axes
  1964 | D:3      | Reached *** piety under Trog
  1966 | D:3      | Upgraded the game from 0.19-a0-1065-gdac414d to 0.19-a0-1068-g99dd0f4
  2001 | D:3      | Found an opulent altar of Gozag.
  2385 | D:3      | Noticed Robin
  2394 | D:3      | Killed Robin
  2872 | D:4      | Got a faintly glowing cloak
  2878 | D:4      | Identified the +0 cloak "Kad Qoom" {rPois Regen+ Str+4} (You found it on level 4 of the Dungeon)
  2938 | D:4      | Reached skill level 8 in Axes
  3007 | D:4      | Found a shattered altar of Ashenzari.
  3036 | D:4      | Reached **** piety under Trog
  3036 | D:4      | Reached XP level 6. HP: 43/51 MP: 5/5
  3444 | D:5      | Entered Level 5 of the Dungeon
  3472 | D:5      | Reached skill level 9 in Axes
  3497 | D:5      | Noticed Sigmund
  3503 | D:5      | Killed Sigmund
  3503 | D:5      | Reached XP level 7. HP: 50/57 MP: 6/6
  3548 | D:5      | Found a stormy altar of Qazlal.
  3554 | D:5      | Noticed bjefkjwebfkjbewklj's ghost (novice MiFi)
  3565 | D:5      | Killed bjefkjwebfkjbewklj's ghost
  3565 | D:5      | Reached skill level 11 in Axes
  3787 | D:5      | Found Foukhlui's Magic Scroll Shoppe.
  3792 | D:5      | Bought a scroll of teleportation for 42 gold pieces
  3792 | D:5      | Bought a scroll of blinking for 105 gold pieces
  3813 | D:5      | Found Anaimoki's Assorted Antiques.
  3821 | D:5      | Bought a scroll labeled ROEPNO EMYDI for 27 gold pieces
  3821 | D:5      | Bought a murky grey potion for 24 gold pieces
  3821 | D:5      | Bought a purple potion for 24 gold pieces
  3895 | D:5      | Found Seikh's Distillery.
  3952 | D:6      | Found a staircase to the Ecumenical Temple.
  3957 | Temple   | Entered the Ecumenical Temple
  4205 | D:6      | Reached XP level 8. HP: 64/66 MP: 7/7
  4207 | D:6      | Noticed Pikel
  4277 | D:6      | Killed Pikel
  4277 | D:6      | Reached skill level 12 in Axes
  4887 | D:6      | Found a shimmering altar of Xom.
  5154 | D:7      | Reached XP level 9. HP: 64/79 MP: 8/8
  5462 | D:7      | Reached skill level 13 in Axes
  6500 | D:8      | Reached ***** piety under Trog
  6549 | D:8      | Noticed bjefkjwebfkjbewklj's ghost (novice MiFi)
  6568 | D:8      | Killed bjefkjwebfkjbewklj's ghost
  6568 | D:8      | Reached skill level 10 in Fighting
  6568 | D:8      | Reached skill level 14 in Axes
  6731 | D:8      | Reached XP level 10. HP: 91/93 MP: 9/9
  7265 | D:9      | Found a roughly hewn altar of Beogh.
  7275 | D:9      | Found a staircase to the Orcish Mines.
  7577 | D:9      | Received a gift from Trog
  7681 | D:9      | Reached skill level 15 in Axes
  8071 | D:10     | Entered Level 10 of the Dungeon
  8073 | D:10     | Noticed Fv001's ghost (journeyman FoFi)
  8087 | D:10     | Killed Fv001's ghost
  8922 | D:10     | Reached XP level 11. HP: 77/105 MP: 10/10
  9130 | D:11     | Noticed a cyan ugly thing
  9138 | D:11     | Killed a cyan ugly thing
  9346 | D:11     | Found Jeotiam's Weapon Boutique.
  9351 | D:11     | Noticed a red ugly thing
  9359 | D:11     | Killed a red ugly thing
  9363 | D:11     | Noticed a deep elf mage
  9376 | D:11     | HP: 4/107 [earth elemental[a deep elf mage] (8)]
  9527 | D:11     | Killed a deep elf mage
  9527 | D:11     | Reached skill level 16 in Axes
  9559 | D:11     | Bought the cursed +2 hand axe "Sueheu Guvi" {elec, rPois rF+ MR-} for 285 gold pieces
  9806 | D:11     | Killed an unseen horror
  9930 | D:11     | Found a staircase to the Lair.
 10012 | D:11     | Noticed a brown ugly thing
 10026 | D:11     | Killed a brown ugly thing
 10079 | Lair:1   | Entered Level 1 of the Lair of Beasts
 10345 | Lair:1   | Noticed Grum
 10345 | Lair:1   | Received a gift from Trog
 10356 | Lair:1   | Killed Grum
 10569 | Lair:1   | Reached skill level 17 in Axes
 10680 | Lair:1   | Reached XP level 12. HP: 118/118 MP: 11/11
 10738 | Lair:2   | Noticed a four-headed hydra
 10746 | Lair:2   | Killed an eight-headed hydra
 10850 | Lair:2   | Found a staircase to the Swamp.
 10893 | Lair:2   | Reached skill level 15 in Fighting
 11163 | Lair:2   | Reached ****** piety under Trog
 11344 | Lair:2   | Noticed an eight-headed hydra
 11355 | Lair:2   | Killed an 11-headed hydra
 11355 | Lair:2   | Reached skill level 18 in Axes
 12005 | Lair:3   | Received a gift from Trog
 12051 | Lair:3   | Reached skill level 1 in Shields
 12143 | Lair:3   | Noticed bezhaha's ghost (journeyman CeAM)
 12158 | Lair:3   | Killed bezhaha's ghost
 12296 | Lair:3   | Found a staircase to the Snake Pit.
 12966 | Lair:4   | Noticed a catoblepas
 12972 | Lair:4   | Killed a catoblepas
 12994 | Lair:4   | Reached XP level 13. HP: 128/128 MP: 12/12
 13077 | Lair:4   | Reached skill level 5 in Shields
 13695 | Lair:5   | Received a gift from Trog
 14270 | Lair:6   | Entered Level 6 of the Lair of Beasts
 14279 | Lair:6   | Reached skill level 19 in Axes
 14282 | Lair:6   | Reached skill level 5 in Armour
 14807 | Lair:6   | Received a gift from Trog
 15293 | Lair:6   | Identified Theurgy Continued
 15636 | Lair:6   | Found a staircase to the Slime Pits.
 16828 | D:12     | Found a large runed door.
 16828 | D:12     | Found a large runed door.
 17440 | D:12     | Reached skill level 20 in Axes
 17687 | Orc:1    | Entered Level 1 of the Orcish Mines
 18313 | Orc:2    | Entered Level 2 of the Orcish Mines
 18326 | Orc:2    | Reached XP level 14. HP: 128/137 MP: 13/13
 18351 | Orc:2    | Found a roughly hewn altar of Beogh.
 18352 | Orc:2    | Found Onuocoov's Jewellery Shoppe.
 18357 | Orc:2    | Received a gift from Trog
 18409 | Orc:2    | Found Zeich's Jewellery Emporium.
 18433 | Orc:2    | Reached skill level 10 in Armour
 18513 | Orc:2    | Found a roughly hewn altar of Beogh.
 18589 | Orc:2    | Found a roughly hewn altar of Beogh.
 18654 | Orc:2    | Found a roughly hewn altar of Beogh.
 18656 | Orc:2    | Found Qegayh's Assorted Antiques.
 18679 | Orc:2    | Bought a scroll labeled WERIRRIREMP for 35 gold pieces
 18696 | Orc:2    | Found a roughly hewn altar of Beogh.
 18760 | Orc:2    | Found a staircase to the Elven Halls.
 18879 | Orc:2    | Noticed an orc warlord
 18900 | Orc:2    | Killed an orc warlord
 18904 | Orc:2    | Received a gift from Trog
 18914 | Orc:2    | Found Xuzutup's Antique Armour Boutique.
 18914 | Orc:2    | Found a roughly hewn altar of Beogh.
 18916 | Orc:2    | Found Dunkiar's Antique Weapon Shop.
 18981 | Orc:2    | Bought a translucent large shield for 275 gold pieces
 18981 | Orc:2    | Bought a ruby-encrusted plate armour for 812 gold pieces
 18998 | Orc:2    | Identified the cursed +0 plate armour of Parts Unknown {+Inv rC+} (You bought it in a shop on level 2 of the Orcish Mines)
 19008 | Orc:2    | Identified the +2 large shield of the Spheres {Str+6 Dex-5} (You bought it in a shop on level 2 of the Orcish Mines)
 19057 | Orc:2    | Bought a potion of haste for 350 gold pieces
 19208 | Orc:2    | Noticed Josephine
 19218 | Orc:2    | Killed Josephine
 19260 | Orc:2    | Reached skill level 5 in Dodging
 19315 | Orc:2    | Found a roughly hewn altar of Beogh.
 19726 | D:13     | Got a distressingly furry scale mail
 19738 | D:13     | Identified the cursed +1 scale mail of Wyucvo {rElec Regen+ Int+4 Dex-2} (You found it on level 13 of the Dungeon)
 19910 | D:13     | Found Suseor's Demolitions Depot.
 20397 | D:14     | Received a gift from Trog
 20552 | D:14     | Reached skill level 21 in Axes
 20680 | D:14     | Found a gate to the Vaults.
 21113 | D:14     | Received a gift from Trog
 21415 | D:15     | Entered Level 15 of the Dungeon
 21612 | D:15     | Reached XP level 15. HP: 130/144 MP: 12/14
 22353 | D:15     | Reached skill level 10 in Dodging
 22408 | D:15     | Found a staircase to the Depths.
 22644 | D:15     | Reached skill level 22 in Axes
 22987 | Swamp:1  | Entered Level 1 of the Swamp
 23094 | Swamp:1  | Noticed a thorn hunter
 23112 | Swamp:1  | Killed a thorn hunter
 23396 | Swamp:1  | Noticed a thorn hunter
 23406 | Swamp:1  | Killed a thorn hunter
 23620 | Swamp:1  | Reached skill level 1 in Evocations
 24015 | Swamp:2  | Received a gift from Trog
 24354 | Swamp:2  | Noticed a thorn hunter
 24382 | Swamp:2  | Killed a thorn hunter
 25035 | Swamp:3  | Reached skill level 5 in Evocations
 25164 | Swamp:3  | Reached XP level 16. HP: 132/151 MP: 15/18
 25210 | Swamp:3  | Got a spiked scale mail
 25223 | Swamp:3  | Identified the cursed +0 scale mail of the Garden {rElec rN+ Dex+2} (You found it on level 3 of the Swamp)
 25448 | Swamp:3  | Reached skill level 23 in Axes
 25871 | Swamp:4  | Entered Level 4 of the Swamp
 25975 | Swamp:4  | Received a gift from Trog
 26369 | Swamp:4  | Noticed a thorn hunter
 26395 | Swamp:4  | Killed a thorn hunter
 27535 | Swamp:4  | Noticed a bone dragon
 27547 | Swamp:4  | Killed a bone dragon
 27628 | Swamp:4  | Got a decaying rune of Zot
 28191 | Orc:2    | Bought an uncursed amulet of regeneration for 450 gold pieces
 28399 | Snake:1  | Entered Level 1 of the Snake Pit
 28657 | Snake:1  | Reached skill level 24 in Axes
 28698 | Snake:1  | Received a gift from Trog
 28930 | Snake:2  | HP: 1/155 [naga sharpshooter/arrow (14)]
 29618 | Snake:2  | Reached XP level 17. HP: 146/168 MP: 20/20
 29698 | Snake:2  | Found a flickering gateway to a bazaar.
 30054 | Bazaar   | Entered a bazaar
 30062 | Bazaar   | Found Keocoh's Antique Armour Shop.
 30083 | Bazaar   | Found Jequihat's Jewellery Shop.
 30149 | Snake:3  | Noticed Vashnia
 30163 | Snake:3  | HP: 5/170 [Vashnia/arrow (30)]
 30163 | Snake:3  | Shot with an arrow by Vashnia

Vault maps used:
D:1:      nagdon_arrival_zigzag_paths
D:2:      kiku_gazebo_garden_becter, lemuel_doored_altar
D:3:      kennysheep_goblin_castle, grunt_gozag_statues
D:4:      lemuel_round_altar, first_bread, serial_corexii_hall,
          corexii_hall_statues_t, corexii_hall_statues_l,
          corexii_hall_statues_s, uniq_robin
D:5:      serial_shops, shop, kennysheep_mini_moat, shop, grunt_qazlal_clouds,
          uniq_sigmund
D:6:      xom_teletrap_fun, minivault_23, minivault_27, kennysheep_another_room,
          kennysheep_generic_room_11, uniq_pikel
D:7:      statuecave_lemuel
D:8:      hangedman_pestilent_swarm
D:9:      david_orc_5
D:10:     corexii_leaking_fountain
D:11:     grunt_lair_entry_orc_guard_hut, serial_shops, nicolae_shop_stone
D:12:     lightli_elemental_guards
D:13:     nicolae_blasting_shop
D:14:     hangedman_vaults_entry_quadrant_bands, minivault_23,
          bh_hangedman_babel_library
D:15:     grunt_enter_depths_snipers, hangedman_decor_clover_reticule,
          minivault_19
Temple:   dpeg_five_rooms_temple
Lair:1:   minivault_25, roderic_batcave, grunt_forest_small_clearing_treed,
          uniq_grum
Lair:2:   regret_index_bee_streams, swamp_mist, hibernation_bobbens
Lair:3:   lemuel_ratsnest, dummy_snake_entry, lemuel_fruit_tree
Lair:4:   serial_bayou_shore_b
Lair:5:   grunt_megastairs_5, infiniplex_staircase_pool, serial_bayou_shore_b
Lair:6:   minmay_lair_end_frog_pond, minmay_slime_entry_oklob_open,
          grunt_megastairs_1
Swamp:1:  nicolae_swamp_round_clearing, kb_tengu_band
Swamp:2:  cheibrodos_swamp_heart_of_darkness, evilmike_swamp_ruin_house_4
Swamp:3:  evilmike_swamp_ruin_house_6
Swamp:4:  swamp_pestilence
Snake:2:  serial_shops, bzr_in_the_mist, spider_trap
Snake:3:  special_room, uniq_vashnia
Orc:2:    grunt_orc_community_town_hall, grunt_orc_community_big_house_1,
          grunt_orc_community_big_house_1, grunt_orc_community_house_1,
          grunt_orc_community_house_3, grunt_orc_community_house_1,
          grunt_orc_community_house_1, grunt_orc_community_house_2, basic_altar,
          serial_shops, shop, uniq_josephine
Bazaar:   bazaar_jpeg_cross

Skill      XL: |  1  2  3  4  5  6  7  8  9 10 11 12 13 14 15 16 |
---------------+-------------------------------------------------+-----
Axes           | 4 5 6 8 9 11 12 14 15 17 18 20 21 22 24 | 24.3
Fighting       | 4 7 10 12 14 16 19 | 19.8
Shields        | 4 5 |  5.0
Armour         | 9 10 | 10.0
Dodging        | 9 11 | 11.0
Evocations     | 5 6 |  6.0

Action                   |  1- 3 |  4- 6 |  7- 9 | 10-12 | 13-15 | 16-18 || total
-------------------------+-------+-------+-------+-------+-------+-------++-------
Melee: Hand axe          |    63 |    39 |       |   266 |       |       ||   368
       Headbutt          |     8 |    26 |    48 |   154 |   274 |   112 ||   622
       War axe           |       |   106 |   231 |    87 |    27 |    40 ||   491
       Battleaxe         |       |       |       |   144 |       |       ||   144
       Broad axe         |       |       |       |   158 |  1112 |   407 ||  1677
Invok: Berserk           |       |       |     2 |     5 |     6 |     5 ||    18
       Trog's Hand       |       |       |     2 |     4 |    12 |     4 ||    22
       Burn Spellbooks   |       |       |     1 |     5 |     9 |     2 ||    17
       Brothers in Arms  |       |       |       |     1 |       |       ||     1
Evoke: Wand              |       |       |     3 |       |     4 |     6 ||    13
  Use: Scroll            |       |       |    14 |    19 |    11 |    10 ||    54
       Potion            |       |       |       |       |     3 |     5 ||     8
 Stab: Sleeping          |     1 |       |       |       |       |       ||     1
       Invisible         |       |       |       |       |     9 |       ||     9
       Confused          |       |       |       |       |       |     1 ||     1
  Eat: Chunk             |       |     8 |    11 |    26 |    50 |    14 ||   109
       Pizza             |       |       |     1 |       |       |     5 ||     6
       Fruit             |       |       |     1 |       |       |       ||     1
       Beef jerky        |       |       |       |       |     1 |     1 ||     2
Armor: Animal skin       |    13 |     5 |       |       |       |       ||    18
       Ring mail         |       |     8 |       |       |       |       ||     8
       Chain mail        |       |    74 |   111 |    31 |    17 |       ||   233
       Plate armour      |       |       |       |   271 |   135 |       ||   406
       Scale mail        |       |       |       |       |   165 |   173 ||   338
Dodge: Dodged            |    47 |    94 |    94 |   196 |   439 |   297 ||  1167
Block: Buckler           |       |       |       |    11 |   174 |   117 ||   302
